 Dungeon Crawl Stone Soup version 0.29-a0-819-g94b489e0ae (webtiles) character file.

Game seed: 9779385312685058067

35 Ayihk420 the Slasher (level 3, -2/23 HPs)
             Began as a Tengu Berserker on July 6, 2022.
             Was a Believer of Trog.
             Slain by an adder (4 damage)
             ... on level 2 of the Dungeon.
             The game lasted 00:04:09 (1365 turns).

Ayihk420 the Slasher (Tengu Berserker)              Turns: 1365, Time: 00:04:09

Health: -2/23      AC:  3    Str: 19    XL:     3   Next: 33%
Magic:  4/4        EV: 12    Int:  7    God:    Trog [**....]
Gold:   49         SH:  0    Dex: 13    Spells: 2/2 levels left

rFire   + . .      SeeInvis .   a - +0 falchion
rCold   + . .      Faith    .   (no shield)
rNeg    . . .      Spirit   .   c - +0 leather armour
rPois   .          Reflect  .   (helmet restricted)
rElec   .          Harm     .   j - scarf {rC+ rF+}
rCorr   .          Rampage  .   (no gloves)
Will    ++...                   (boots unavailable)
Stlth   +.........              (no amulet)
HPRegen 1.07/turn               (no ring)
MPRegen 0.09/turn               (no ring)

@: lethally poisoned (-2 -> -3), strong-willed, regenerating
A: beak, talons 3
a: Renounce Religion, Berserk, Trog's Hand


You were on level 2 of the Dungeon.
You worshipped Trog.
Trog was pleased with you.
You visited 1 branch of the dungeon, and saw 2 of its levels.

You collected 49 gold pieces.

Inventory:

Hand Weapons
 a - a +0 falchion (weapon)
Armour
 b - a +0 animal skin
 c - a +0 leather armour (worn)
 f - a +0 ring mail
 j - a scarf of resistance (worn)
Scrolls
 d - 2 scrolls of identify {unknown}
 e - a scroll of vulnerability {unknown}
 g - a scroll of enchant weapon {unknown}
 i - 3 scrolls of blinking {unknown}
 k - a scroll of poison {unknown}
 l - a scroll of brand weapon {unknown}
 m - a scroll of teleportation {unknown}
 n - a scroll of noise {unknown}
 o - a scroll of immolation {unknown}
 p - a scroll of fog {unknown}
Potions
 h - 2 potions of brilliance {unknown}


   Skills:
 - Level 3.0 Fighting
 * Level 4.7 Long Blades
 - Level 2.2 Armour
 - Level 2.2 Dodging


You had 2 spell levels left.
You didn't know any spells.
Your spell library was empty.

Dungeon Overview and Level Annotations

Branches:
Dungeon (2/15)

Altars:


Innate Abilities, Weirdness & Mutations

You have a beak for a mouth.
You have claws for feet.


Message History

You barely miss the hobgoblin. You peck the hobgoblin.
You kill the hobgoblin!
Trog accepts your kill.
You feel sick. The bat barely misses you.
The adder bites you but does no damage. The adder closely misses you.
You barely miss the adder. Your kick misses the adder.
You feel sick. The bat hits you but does no damage. The bat misses you.
The bat hits you but does no damage. The adder closely misses you.
You hit the adder but do no damage.
You feel sick. The bat completely misses you. The adder bites you.
The adder closely misses you.
You completely miss the adder.
You feel sick.
You are no longer poisoned.
The adder bites you.
You are poisoned.
The adder poisons you! The bat barely misses you.
You closely miss the adder. You peck the adder, but do no damage.
You feel sick. The bat barely misses you. The adder closely misses you.
You barely miss the adder.
You feel sick. The bat hits you but does no damage.
The adder bites you but does no damage. x2
You hit the adder. Your kick misses the adder.
The adder is severely wounded.
You feel sick.
You are no longer poisoned.
The bat hits you but does no damage. x2; The adder bites you.
* * * LOW HITPOINT WARNING * * *
You are lethally poisoned!
The adder poisons you!
You hit the adder. Your peck misses the adder.
The adder is severely wounded.
* * * LOW HITPOINT WARNING * * *
You feel sick. The bat hits you but does no damage. The adder misses you.
The adder barely misses you. The adder attacks as you move away!
The adder bites you but does no damage.
* * * LOW HITPOINT WARNING * * *
You feel sick. The bat hits you but does no damage.
Your skin crawls.
You feel strong-willed.
You feel sick. The adder bites you.
You die...

.... #.....# ..# #####.#
####. ####.###########.#
..... #....#..........†.
.....###.##...#########.#
.......#..'.....####....#
..........#...#.##.......
..........#..<#.##.......
#.#$..b@.#...#.##.......
#...S..#...#.#######†#
#.....†..#...#.### #.)..
#......###...#...###.#..
#......# ######.......##
#......# #.......#
##...### #.......# #...
#.......# #... #.......#


You could see an adder and a bat.

Vanquished Creatures
  6 endoplasms (D:1)
  3 giant cockroaches (D:1)
  3 goblins (D:1)
  2 hobgoblins
  4 quokkas (D:1)
  6 ball pythons
  2 frilled lizards
  3 kobolds
  A rat (D:1)
30 creatures vanquished.

Notes
Turn   | Place    | Note
-------+----------+-------------------------------------------
     0 | D:1      | Ayihk420 the Tengu Berserker began the quest for the Orb.
     0 | D:1      | Reached XP level 1. HP: 14/14 MP: 2/2
   372 | D:1      | Reached XP level 2. HP: 19/19 MP: 3/3
   423 | D:1      | Reached skill level 4 in Long Blades
   961 | D:1      | Reached XP level 3. HP: 22/23 MP: 4/4
  1119 | D:1      | Reached ** piety under Trog
  1365 | D:2      | Slain by an adder

Illustrated notes

Levels and vault maps discovered:
D:1:      wheals_arrival_linesprint, layout_basic
D:2:      layout_basic

Skill      XL: |  1  2 |
---------------+-------+-----
Long Blades    | 4 |  4.7
Fighting       | |  3.0
Armour         | |  2.2
Dodging        | |  2.2

Action                   || total
-------------------------++-------
Melee: Falchion          ||    83
       Kick              ||    14
       Peck              ||    14
Invok: Trog's Hand       ||     1
Armor: Leather armour    ||    26
       Animal skin       ||     2
Dodge: Dodged            ||    53

Table legend: (Time is in decaauts)
 A = Elapsed time spent in this place.
 B = Non-inter-level travel time spent in this place.
 C = Inter-level travel time spent in this place.
 D = Time resting spent in this place.
 E = Time spent auto-exploring this place.
 F = Levels seen in this place.
 G = Mean time per level.
                   A        B        C        D        E       F      G
               +--------+--------+--------+--------+--------+-----+--------+
         Total |   1372 |   1372 |      0 |    531 |    442 |   2 |  686.0 |
       Dungeon |   1372 |   1372 |      0 |    531 |    442 |   2 |  686.0 |
               +--------+--------+--------+--------+--------+-----+--------+

Top non-repeatable levels by time:
     D:1: 1283 daAuts
     D:2: 89 daAuts
